 Dungeon Crawl Stone Soup version 0.19.1 (webtiles) character file.

51 sveltemanboy the Chopper (level 3, 0/31 HPs)
             Began as a Hill Orc Monk on Dec 7, 2016.
             Slain by Paps's ghost (4 damage)
             ... on level 3 of the Dungeon.
             The game lasted 00:03:48 (2232 turns).

sveltemanboy the Chopper (Hill Orc Monk)            Turns: 2232, Time: 00:03:49

Health: 0/31       AC: 11    Str: 18    XL:     3   Next: 83%
Magic:  3/3        EV: 13    Int: 12    God:
Gold:   64         SH:  0    Dex: 18    Spells: 0 memorised, 2 levels left

rFire  . . .     SeeInvis .     l - +0 whip (elec)
rCold  . . .     Gourm    .     q - +0 chain mail
rNeg   . . .     Faith    .     (no shield)
rPois  .         Spirit   .     (helmet restricted)
rElec  .         Reflect  .     w - +1 cloak
rCorr  .         Harm     .     j - +0 pair of gloves
MR     .....     Rnd*Tele +     (no boots)
Stlth  +.........               g - amulet of rage
                                b - ring of stealth
                                h - +4 ring of strength

@: agile
A: antennae 1, clever 1, teleportitis 1
a: Evoke Berserk Rage


You were on level 3 of the Dungeon.
You were not hungry.

You visited 1 branch of the dungeon, and saw 3 of its levels.

You collected 64 gold pieces.

Inventory:

Hand Weapons
 a - a +0 hand axe
 l - a +0 whip of electrocution (weapon)
Armour
 j - a +0 pair of gloves (worn)
 q - a +0 chain mail (worn)
 w - a +1 cloak (worn)
Jewellery
 b - a ring of stealth (right hand)
 g - an amulet of rage (around neck)
 h - a +4 ring of strength (left hand)
Wands
 u - a wand of enslavement (13/24)
Scrolls
 d - 2 scrolls of remove curse
 f - a scroll of teleportation {unknown}
 n - a scroll of random uselessness {unknown}
 o - 3 scrolls of recharging {unknown}
 t - a scroll of amnesia {unknown}
Comestibles
 c - a bread ration
 k - a royal jelly
 m - 2 beef jerkies
 r - 3 chunks of flesh


   Skills:
 - Level 3.6 Fighting
 * Level 5.7 Axes
 + Level 1.5 Armour
 - Level 2.4 Dodging
 - Level 1.5 Stealth


You had 2 spell levels left.
You didn't know any spells.

Dungeon Overview and Level Annotations

Branches:
Dungeon (3/15)

Altars:
Ru
Uskayaw
Zin

Annotations:
D:3 Paps's ghost, amateur MiFi


Innate Abilities, Weirdness & Mutations

You have a pair of small antennae on your head.
Your mind is acute. (Int +2)
You are occasionally teleported next to monsters.


Message History

Paps's ghost misses you.
You feel better. Paps's ghost barely misses you.
It was a potion of magic.
Magic courses through your body. Paps's ghost hits you!
It was a potion of cancellation.
Your magical effects are unravelling.
You feel magically purged.
You feel a little less agile now.
Paps's ghost hits you but does no damage.
It was a potion of mutation.
You feel extremely strange. A pair of antennae grows on your head!
You feel weirdly uncertain.
You feel clever. Paps's ghost hits you!
* * * LOW HITPOINT WARNING * * *
You feel agile all of a sudden.
Paps's ghost hits you but does no damage.
You closely miss Paps's ghost.
Paps's ghost is heavily damaged.
Paps's ghost hits you.
You die...

#.#
#.........#
..#
#.........#
..
##..#.#####
#####..#.#
.......#.#
######...#.#
...........#
###......###
#.###@## #
#W## #..#
..Z.....#
.#.#.#..#
........#
.#W#.#..#
...%....#
.#.#.#.##


You could see Paps's ghost.

Vanquished Creatures
  An adder (D:2)
  A worm (D:2)
  2 leopard geckos (D:2)
  An orc (D:3)
  4 giant cockroaches
  2 goblins (D:1)
  7 hobgoblins
  6 kobolds
  3 bats
  2 frilled lizards (D:1)
  3 rats
32 creatures vanquished.

Notes
Turn   | Place    | Note
-------+----------+-------------------------------------------
     0 | D:1      | sveltemanboy the Hill Orc Monk began the quest for the Orb.
     0 | D:1      | Reached XP level 1. HP: 19/19 MP: 1/1
   402 | D:1      | Reached XP level 2. HP: 26/26 MP: 2/2
   978 | D:1      | Reached skill level 5 in Axes
  1250 | D:2      | Found a hide-covered altar of Uskayaw.
  1323 | D:2      | Reached XP level 3. HP: 22/31 MP: 3/3
  1470 | D:2      | Reached skill level 1 in Armour
  1619 | D:2      | Found a sacrificial altar of Ru.
  1619 | D:2      | Found a glowing silver altar of Zin.
  2211 | D:3      | Noticed Paps's ghost (amateur MiFi)
  2230 | D:3      | Gained mutation: You have a pair of small antennae on your head. [potion of mutation]
  2230 | D:3      | Gained mutation: You are occasionally teleported next to monsters. [potion of mutation]
  2230 | D:3      | Gained mutation: Your mind is acute. (Int +2) [potion of mutation]
  2232 | D:3      | Slain by Paps's ghost

Skill      XL: |  1  2  3 |
---------------+----------+-----
Axes           | 5 |  5.7
Armour         | 1 |  1.5
Fighting       | |  3.6
Dodging        | |  2.4
Stealth        | |  1.5

Action                   || total
-------------------------++-------
Melee: Hand axe          ||    55
       Whip              ||    60
  Use: Potion            ||     6
       Scroll            ||     2
 Stab: Sleeping          ||     1
  Eat: Chunk             ||     4
Armor: Ring mail         ||    25
       Chain mail        ||    13
Dodge: Dodged            ||    45
